 Dungeon Crawl Stone Soup version 0.29-a0-892-g2c4c91d9db (webtiles) character file.

Game seed: 1922579794501795817

4 Spectrina the Magician (level 1, 17/17 HPs)
             Began as a Djinni Arcane Marksman on July 22, 2022.
             Was an Initiate of Nemelex Xobeh.
             Quit the game on level 3 of the Dungeon.
             The game lasted 00:03:11 (213 turns).

Spectrina the Magician (Djinni Arcane Marksman)      Turns: 213, Time: 00:03:12

Health: 17/17      AC:  2    Str:  9    XL:     1   Next: 66%
Gold:   55         EV: 12    Int: 14    God:    Nemelex Xobeh [......] SH:  0 Dex: 13

rFire   + + .      SeeInvis .   a - +0 sling
rCold   x . .      Faith    .   (no shield)
rNeg    . . .      Spirit   .   c - +0 robe
rPois   ∞          Reflect  .   (no helmet)
rElec   .          Harm     .   (no cloak)
rCorr   .          Rampage  .   (no gloves)
Will    .....                   (boots unavailable)
Stlth   +.........              (no amulet)
HPRegen 0.05/turn               (no ring)
MPRegen 0.00/turn               (no ring)

@: flying
A: sickness immunity, fire resistance 2, cold vulnerability 1, float, innate
caster, HP casting, extra vitality 1
a: Renounce Religion, Draw Escape, Draw Destruction, Draw Summoning


You were on level 3 of the Dungeon.
You worshipped Nemelex Xobeh.
Nemelex Xobeh was noncommittal.
You visited 1 branch of the dungeon, and saw 4 of its levels.

You collected 55 gold pieces.

Inventory:

Hand Weapons
 a - a +0 sling (weapon)
Missiles
 e - 5 poisoned darts
Armour
 c - a +0 robe (worn)
Scrolls
 b - a scroll of vulnerability
 d - 3 scrolls of amnesia {unknown}


   Skills:
 - Level 1.0 Fighting
 - Level 1.5 Ranged Weapons
 - Level 2.1 Dodging
 + Level 2.6 Spellcasting


You couldn't memorise any spells.
You knew the following spells:

 Your Spells              Type           Power      Damage    Failure   Level
a - Slow                  Hex            36%        N/A       8%          1
b - Inner Flame           Hex/Fire       9%         N/A       22%         3
c - Portal Projectile     Hex/Tloc       18%        N/A       22%         3
d - Cause Fear            Hex            4%         N/A       58%         4
Your spell library was empty.

Dungeon Overview and Level Annotations

Branches:
Dungeon (4/15)
 Temple: D:4-7

Altars:
Nemelex Xobeh


Innate Abilities, Weirdness & Mutations

You are immune to sickness and miasma.
You are immune to poison.
Your flesh is very heat resistant. (rF++)
You are vulnerable to cold. (rC-)
You float through the air rather than walking.
You learn spells naturally, not from books.
Your magical power is your life essence.
You have superior vitality. (+4 MHP)


Message History

a +0 dagger; 5 poisoned darts; a kobold corpse
e - 5 poisoned darts
There is an open gate here.
There is a stone staircase leading down here.
There is a stone staircase leading down here.
You fly downwards.
You hear the hiss of flowing sand.
There is an entrance to an ossuary on this level.
Hurry and find it before the portal is buried!
There is a stone staircase leading up here.
Unknown command.
Found 12 gold pieces.
An ogre comes into view. It is wielding a +0 giant spiked club.
Unknown command.
Found 13 gold pieces.
Found a stone staircase leading down.
Search for what [? for help]? portal Can't find anything matching that.
No monsters, items or features are visible.
Enter note:
Okay, then.
Okay, then.
You need no library to learn spells.
Unknown command.
You reach down and open the door.
There is an open door here.
A scorpion comes into view.
You hear the slow hiss of a very distant avalanche of sand.
Found a stone staircase leading up.
Found 9 gold pieces.
Unknown command.
You now have 55 gold pieces (gained 9).
There is a stone staircase leading up here.
You fly upwards.
You hear the sound of rushing water.
There is an entrance to a sewer on this level.
Hurry and find it before the portal rusts away!
You hear the rusting of a drain nearby.
Found a fuming amethyst potion and a curved glowing staff.
There is a stone staircase leading down here.
Unknown command.
Are you sure you want to abandon this character and quit the game? (Confirm with "yes".)

...
..#
#.#
#.#
#!#
#.#
#h#
#@#
#.#
..h
.#.##
#.#J#
# #|#
#.#
#..


You could see an endoplasm (wandering) and 2 jackals.

Vanquished Creatures
  A ball python (D:3)
  An endoplasm (D:3)
  A kobold (D:3)
3 creatures vanquished.

Notes
Turn   | Place    | Note
-------+----------+-------------------------------------------
     0 | D:1      | Spectrina the Djinni Arcane Marksman began the quest for
                  | the Orb.
     0 | D:1      | Spectrina set off with the following spells memorised:
                  | Slow, Inner Flame, Portal Projectile, Cause Fear.
     0 | D:1      | Reached XP level 1. HP: 17/17 MP: 0/0
    96 | D:3      | Found a sparkling altar of Nemelex Xobeh.
    99 | D:3      | Became a worshipper of Nemelex Xobeh the Trickster
   137 | D:4      | Noticed an ogre
   168 | D:4      | Noticed a scorpion
   213 | D:3      | Quit the game

Illustrated notes

Levels and vault maps discovered:
D:1:      dpeg_arrival_tiny_a, layout_rooms, ebering_ecumenical_altar_ruins
D:2:      layout_basic
D:3:      layout_loops_ring, mainiacjoe_overflow_alcove_2,
          mainiacjoe_overflow_alcove_4, yredelemnul_forgotten_temple_becter,
          portal_sewer_entry_d, uniq_grinder
D:4:      layout_basic, enter_ossuary_1, chequers_serial_rivers_micro_b

Action                   || total
-------------------------++-------
 Fire: Sling             ||    13
 Cast: Slow              ||     2
Armor: Robe              ||     3
Dodge: Dodged            ||     7

Table legend: (Time is in decaauts)
 A = Elapsed time spent in this place.
 B = Non-inter-level travel time spent in this place.
 C = Inter-level travel time spent in this place.
 D = Time resting spent in this place.
 E = Time spent auto-exploring this place.
 F = Levels seen in this place.
 G = Mean time per level.
                   A        B        C        D        E       F      G
               +--------+--------+--------+--------+--------+-----+--------+
         Total |    216 |    216 |      0 |      0 |      0 |   4 |   54.0 |
       Dungeon |    216 |    216 |      0 |      0 |      0 |   4 |   54.0 |
               +--------+--------+--------+--------+--------+-----+--------+

Top non-repeatable levels by time:
     D:3: 120 daAuts
     D:4: 80 daAuts
     D:2: 12 daAuts
     D:1: 2 daAuts
